[Event "Titled Tuesday Blitz January 11 2022"]
[White "Zelbel, Patrick"]
[Black "Dronavalli, Harika"]
[WhiteFideId "24624322"]
[BlackFideId "5015197"]
[WhiteElo "2493"]
[BlackElo "2382"]
[Result "1-0"]
[Round "08"]
[TimeControl "180+1"]
[Date "2022.01.11"]
[WhiteClock "0:00:19"]
[BlackClock "0:00:18"]

1. e4 e6 2. d4 d5 3. Nd2 c5 4. exd5 exd5 5. Ngf3 Nc6 6. Bb5 cxd4 7. O-O Bd6 8. Nb3 Ne7 9. Nbxd4 h6 10. Re1 O-O 11. h3 Bd7 12. c3 Ng6 13. Be3 Re8 14. Bd3 Nce5 15. Nxe5 Nxe5 16. Bc2 Qf6 17. Qh5 Rad8 18. Rad1 Bb8 19. a3 Nc4 20. Bc1 Qd6 21. g3 Rxe1+ 22. Rxe1 Qf6 23. Bf5 Bc6 24. Bd3 Ne5 25. Bf1 Re8 26. f4 Ng6 27. Rxe8+ Bxe8 28. Qxd5 Bc7 29. Be3 Bb6 30. Qxb7 Qd8 31. Qe4 Ne7 32. Bd3 g6 33. Bc4 Nc6 34. Qxg6+ Kf8 35. Qxh6+ Kg8 36. Qg5+ Qxg5 37. fxg5 Ne5 38. Be2 Bd7 39. g4 a5 40. Kf2 a4 41. Kg3 Be6 42. h4 Ba2 43. h5 Bc4 44. Kf2 Bxe2 45. Kxe2 Nc4 46. Bc1 Bxd4 47. cxd4 Kf8 48. Kd3 Nd6 49. Bf4 Nb5 50. Kc4 Na7 51. Kc5 Ke7 52. h6 1-0


[Site "https://www.chess.com"]

[Event "Titled Tuesday Blitz January 11 2022"]
[White "Al Hosani, Omran"]
[Black "Dastan, Muhammed Batuhan"]
[WhiteFideId "9308733"]
[BlackFideId "6300014"]
[WhiteElo "2246"]
[BlackElo "2410"]
[Result "0-1"]
[Round "09"]
[TimeControl "180+1"]
[Date "2022.01.11"]
[WhiteClock "0:00:04"]
[BlackClock "0:00:14"]

1. e4 c5 2. Nf3 d6 3. d4 cxd4 4. Nxd4 Nf6 5. Nc3 a6 6. Bg5 Nbd7 7. Bc4 Qb6 8. Bb3 e6 9. Qd2 Be7 10. O-O-O Nc5 11. f3 Bd7 12. h4 Qc7 13. Kb1 b5 14. Rhe1 b4 15. Nd5 exd5 16. exd5 Kf8 17. Bc4 h6 18. Bf4 Nce4 19. Qxb4 Rb8 20. Qa3 Qxc4 21. fxe4 Ne8 22. Qg3 h5 23. e5 Qb4 24. Nb3 Rc8 25. e6 Bb5 26. exf7 Kxf7 27. Bg5 Bf6 28. Qh3 Qc4 29. Qe6+ Kg6 30. Nd4 Nc7 31. Qf5+ Kf7 32. Re7+ Kxe7 33. Bxf6+ gxf6 34. Re1+ Kf7 35. Ne6 Qxd5 36. Ng5+ Kf8 37. Qxf6+ Kg8 38. Qg6+ Kf8 39. Rf1+ Bxf1 40. Qf6+ Ke8 41. Qxh8+ Kd7 42. Qg7+ Kc6 43. Qc3+ Kb7 44. b3 Nb5 45. Qg7+ Rc7 46. Qf6 Qd1+ 47. Kb2 Qxc2+ 0-1


[Site "https://www.chess.com"]

[Event "Titled Tuesday Blitz January 11 2022"]
[White "Alavkin, Arseny"]
[Black "Zelbel, Patrick"]
[WhiteFideId "4120612"]
[BlackFideId "24624322"]
[WhiteElo "2391"]
[BlackElo "2493"]
[Result "1-0"]
[Round "09"]
[TimeControl "180+1"]
[Date "2022.01.11"]
[WhiteClock "0:00:29"]
[BlackClock "0:00:32"]

1. c4 e5 2. Nc3 Bb4 3. Nf3 d6 4. a3 Bxc3 5. bxc3 f5 6. d3 Nf6 7. g3 O-O 8. Bg2 Qe8 9. O-O Nc6 10. Rb1 h6 11. Ne1 g5 12. Nc2 f4 13. Nb4 Ne7 14. Nd5 Nexd5 15. cxd5 Qh5 16. e4 f3 17. Bxf3 Bg4 18. Bxg4 Nxg4 19. h4 gxh4 20. Rb2 hxg3 21. fxg3 Rxf1+ 22. Qxf1 Rf8 23. Qg2 Nh2 24. Rf2 Nf3+ 25. Kf1 Rf7 26. Be3 b6 27. c4 a5 28. a4 Nh2+ 29. Kg1 Nf3+ 30. Kf1 Kf8 31. Bxh6+ Ke8 32. Be3 Nh2+ 33. Kg1 Nf3+ 34. Kf1 Kd7 35. g4 Qg6 36. Rxf3 Rg7 37. Rf5 Rh7 38. Rh5 Rxh5 39. gxh5 Qxh5 40. Qe2 Qh1+ 41. Kf2 Qh2+ 42. Ke1 Qh1+ 43. Qf1 Qh4+ 44. Kd2 Qh2+ 45. Qf2 Qh5 46. Qf5+ Qxf5 47. exf5 Ke7 48. Bg5+ Kf7 49. Ke3 Kg7 50. Ke4 Kf7 51. Bd8 Ke8 52. c5 Kd7 53. Bxc7 Kxc7 54. cxb6+ Kxb6 55. f6 Kc5 56. f7 Kb4 57. f8=Q Kxa4 58. Qxd6 Kb3 59. Qxe5 a4 60. Qb8+ Ka2 61. Qa7 a3 62. d6 Kb2 63. d7 Kb1 64. d8=Q a2 65. Qdb6+ Ka1 66. Qd4+ Kb1 67. Qab6+ Kc1 68. Qbb2+ Kd1 69. Qg1# 1-0


[Site "https://www.chess.com"]

[Event "Titled Tuesday Blitz January 11 2022"]
[White "Andreikin, Dmitry"]
[Black "Sarana, Alexey"]
[WhiteFideId "4158814"]
[BlackFideId "24133795"]
[WhiteElo "2736"]
[BlackElo "2665"]
[Result "0-1"]
[Round "09"]
[TimeControl "180+1"]
[Date "2022.01.11"]
[WhiteClock "0:00:03"]
[BlackClock "0:00:57"]

1. e4 c5 2. Nc3 d6 3. Nge2 Nf6 4. g3 g6 5. Bg2 Bg7 6. O-O O-O 7. d3 Nc6 8. h3 Rb8 9. f4 Nd7 10. a4 Nd4 11. g4 a6 12. Nxd4 cxd4 13. Ne2 b5 14. axb5 axb5 15. Kh1 Bb7 16. f5 Ra8 17. Bg5 Re8 18. Qd2 Qc7 19. Rxa8 Bxa8 20. Bh6 Be5 21. Nf4 Nf6 22. g5 Nd7 23. h4 Bxf4 24. Qxf4 Ne5 25. fxg6 hxg6 26. h5 Qxc2 27. hxg6 fxg6 28. Bh3 Qxd3 29. Be6+ Kh7 30. Qf7+ Nxf7 31. Rxf7+ Kh8 32. Bg7+ Kg8 33. Rxe7+ Kh7 34. Bg8+ Kxg8 35. Rxe8+ Kxg7 0-1


[Site "https://www.chess.com"]

[Event "Titled Tuesday Blitz January 11 2022"]
[White "Babazada, Khazar"]
[Black "Kamsky, Gata"]
[WhiteFideId "13413554"]
[BlackFideId "2000024"]
[WhiteElo "2418"]
[BlackElo "2645"]
[Result "1/2-1/2"]
[Round "09"]
[TimeControl "180+1"]
[Date "2022.01.11"]
[WhiteClock "0:00:14"]
[BlackClock "0:00:26"]

1. Nf3 Nf6 2. g3 g6 3. Bg2 Bg7 4. O-O O-O 5. b3 d5 6. Bb2 c6 7. d3 a5 8. a4 Na6 9. Nbd2 Nb4 10. Re1 c5 11. e4 d4 12. Nc4 Nd7 13. h4 Nb6 14. Nfd2 Nxc4 15. Nxc4 e5 16. Bc1 h5 17. f4 Bg4 18. Qd2 exf4 19. gxf4 Qxh4 20. Rf1 Bh3 21. Ba3 Be6 22. Nd6 Qe7 23. e5 f6 24. exf6 Qxd6 25. fxg7 Kxg7 26. Rae1 Rae8 27. Re5 b6 28. c3 dxc3 29. Qxc3 Kg8 30. Be4 Bf5 31. Bb2 Qd4+ 32. Qxd4 cxd4 33. Bxd4 Nxd3 34. Rxe8 Rxe8 35. Bxf5 gxf5 36. Bxb6 Rb8 37. Bxa5 Rxb3 38. Ra1 Nxf4 39. Bc7 Ne6 40. Be5 Rb6 41. a5 Ra6 42. Kf2 Kf7 43. Kf3 Nc5 44. Ra3 Ke6 45. Bc7 Ne4 46. Bb6 Nd6 47. Rc3 Nb7 48. Ra3 Nd6 49. Rc3 Nb7 50. Ra3 Nd6 1/2-1/2


[Site "https://www.chess.com"]

[Event "Titled Tuesday Blitz January 11 2022"]
[White "Boyer, Mahel"]
[Black "Shimanov, Aleksandr"]
[WhiteFideId "45102422"]
[BlackFideId "4198603"]
[WhiteElo "2328"]
[BlackElo "2636"]
[Result "0-1"]
[Round "09"]
[TimeControl "180+1"]
[Date "2022.01.11"]
[WhiteClock "0:00:03"]
[BlackClock "0:00:35"]

1. d4 Nf6 2. c4 g6 3. Nc3 Bg7 4. e4 O-O 5. Be2 d6 6. h4 c5 7. d5 e6 8. h5 exd5 9. exd5 Re8 10. h6 Bh8 11. Bg5 Qb6 12. b3 Bf5 13. Kf1 Nbd7 14. Rc1 Ne5 15. Rh4 Bc8 16. g3 Nfd7 17. Kg2 f5 18. Nh3 Nf7 19. Be3 Bf6 20. Qd2 Qd8 21. Nf4 Nde5 22. Rhh1 Ng4 23. Bxg4 fxg4 24. Rce1 Bf5 25. Ne6 Qd7 26. Bf4 Re7 27. Re2 Rae8 28. Rhe1 Ne5 29. Bxe5 Bxe5 30. Rxe5 dxe5 31. Nxc5 Qd8 32. N5e4 Rf7 33. Ng5 Rd7 34. c5 Bd3 35. Qxd3 Qxg5 36. Ne4 Qf5 37. d6 Rf7 38. Re3 Kh8 39. b4 Ref8 40. Qe2 Qe6 41. Ng5 Rxf2+ 42. Qxf2 Rxf2+ 43. Kxf2 Qf5+ 44. Nf3 Kg8 45. d7 Qxd7 46. Nxe5 Qd4 47. Nd3 Qd5 48. Ke2 Qxa2+ 49. Kd1 Qh2 50. Nf4 Qxh6 51. Nd5 Qh1+ 52. Kc2 Qxd5 53. Rd3 Qc4+ 54. Rc3 Qxb4 55. Kd3 h5 56. Rc4 Qxc4+ 57. Kxc4 h4 58. gxh4 g3 59. c6 bxc6 0-1


[Site "https://www.chess.com"]

[Event "Titled Tuesday Blitz January 11 2022"]
[White "Bryakin, Mikhail"]
[Black "Belyakov, Bogdan"]
[WhiteFideId "4165314"]
[BlackFideId "24104795"]
[WhiteElo "2421"]
[BlackElo "2407"]
[Result "1/2-1/2"]
[Round "09"]
[TimeControl "180+1"]
[Date "2022.01.11"]
[WhiteClock "0:01:05"]
[BlackClock "0:00:18"]

1. e4 e5 2. d4 exd4 3. Qxd4 Nc6 4. Qd3 Nf6 5. Nc3 Bb4 6. Bd2 O-O 7. O-O-O Re8 8. f3 d6 9. g4 Be6 10. h4 d5 11. exd5 Nxd5 12. a3 Nxc3 13. Bxc3 Qxd3 14. Rxd3 Bxc3 15. Rxc3 Bxg4 16. Ne2 Be6 17. Nf4 Rad8 18. Bb5 Rd6 19. Bxc6 Rxc6 20. Rxc6 bxc6 21. Re1 Kf8 22. Kd2 Bd5 23. Rxe8+ Kxe8 24. Ke3 f6 25. Nh3 Be6 26. Nf4 Kf7 27. Ne2 g5 28. hxg5 fxg5 29. Nd4 Bd7 30. f4 Kf6 31. Nf3 gxf4+ 32. Kxf4 h5 33. Ne5 Be8 34. Nf3 Bf7 35. Nd4 Bd5 36. Nf5 Be6 37. Nd4 Bd7 38. Nf3 Ke6 39. Kg5 Be8 40. c4 c5 41. b4 Bc6 42. Nd2 Ke5 43. Kxh5 Kd4 44. Nb3+ Kxc4 45. Nxc5 Bd5 46. Kg5 Kc3 47. Kf4 Kb2 48. Ke5 Bg2 49. Kd4 Kxa3 50. Kc3 c6 51. Ne6 Ka4 52. Nc5+ Kb5 53. Nb3 Kb6 54. Nd4 Bd5 55. Nf5 c5 56. bxc5+ Kxc5 57. Nd4 a5 58. Nb3+ Bxb3 59. Kxb3 Kb5 60. Ka3 Kc6 61. Ka2 Kd7 62. Ka3 Ke8 63. Ka4 Kf8 64. Kxa5 1/2-1/2


[Site "https://www.chess.com"]

[Event "Titled Tuesday Blitz January 11 2022"]
[White "Costachi, Mihnea"]
[Black "Senthil Maran K"]
[WhiteFideId "1217518"]
[BlackFideId "25035681"]
[WhiteElo "2464"]
[BlackElo "2194"]
[Result "0-1"]
[Round "09"]
[TimeControl "180+1"]
[Date "2022.01.11"]
[WhiteClock "0:01:19"]
[BlackClock "0:00:08"]

1. e4 c6 2. Nf3 d5 3. exd5 cxd5 4. b3 Nf6 5. Bb2 Bg4 6. Be2 e6 7. O-O Nbd7 8. Ne5 Nxe5 9. Bxe5 Bxe2 10. Qxe2 Bd6 11. Nc3 O-O 12. Nb5 Bxe5 13. Qxe5 Qb6 14. Nd4 Rac8 15. c3 Ne4 16. Rad1 Qd6 17. Qxd6 Nxd6 18. Rfe1 Rc5 19. f3 Rfc8 20. a4 g6 21. Rb1 h5 22. h4 Kg7 23. g3 Kf6 24. Kf2 Nf5 25. Nxf5 gxf5 26. Rg1 d4 27. c4 e5 28. d3 a5 29. Rbe1 R8c6 30. g4 hxg4 31. fxg4 fxg4 32. Rxg4 Rb6 33. Rb1 Rc8 34. Kf3 Ke6 35. h5 Rh8 36. Rh4 Kf5 37. h6 Rbxh6 38. Rxh6 Rxh6 39. Kg3 Rg6+ 40. Kf3 Rb6 41. Rb2 Ke6 42. Rb1 Kd6 43. Ke4 f6 44. Rb2 Kc5 45. Rb1 Kb4 46. Kd5 Kc3 47. Rd1 Rxb3 48. c5 Kc2 49. Rf1 Rxd3 50. Rxf6 Rc3 51. Rf2+ Kb3 52. Kxe5 Rxc5+ 53. Kxd4 Rc4+ 54. Kd3 Rxa4 55. Rf5 b6 56. Rf1 Rb4 57. Re1 a4 58. Rb1+ Ka3 59. Rh1 Kb2 60. Rh2+ Kb3 61. Rh1 a3 62. Rb1+ Ka4 63. Ra1 Rb2 64. Kc3 b5 65. Rh1 b4+ 66. Kd3 a2 67. Rh8 Kb3 68. Ra8 Rb1 69. Rxa2 Kxa2 70. Kc4 b3 71. Kb5 b2 72. Ka4 Rc1 73. Kb4 b1=Q+ 74. Ka4 Qb3+ 75. Ka5 Kb2 76. Ka6 Ra1# 0-1


[Site "https://www.chess.com"]

[Event "Titled Tuesday Blitz January 11 2022"]
[White "Deac, Bogdan-Daniel"]
[Black "FGHSMN"]
[WhiteFideId "1226380"]
[WhiteElo "2646"]
[BlackElo "2754"]
[Result "0-1"]
[Round "09"]
[TimeControl "180+1"]
[Date "2022.01.11"]
[WhiteClock "0:00:01"]
[BlackClock "0:00:43"]

1. d4 Nf6 2. c4 e6 3. Nf3 c5 4. g3 cxd4 5. Nxd4 d5 6. Bg2 e5 7. Nf3 d4 8. O-O Nc6 9. e3 Be7 10. exd4 exd4 11. Bf4 O-O 12. Ne5 Qb6 13. Qb3 Bd7 14. Nd2 Rad8 15. Qxb6 axb6 16. Nxd7 Nxd7 17. Rfe1 Bb4 18. a3 Bxd2 19. Bxd2 Nde5 20. b3 Nd3 21. Red1 Nc5 22. Rab1 Rfe8 23. Bf4 Rd7 24. Kf1 Ne4 25. Rbc1 f5 26. b4 d3 27. Be3 Ne5 28. Bxb6 Ra8 29. f3 Nd6 30. c5 Ndc4 31. Kg1 Ne3 32. Rd2 N5c4 0-1


[Site "https://www.chess.com"]

[Event "Titled Tuesday Blitz January 11 2022"]
[White "Demchenko, Anton"]
[Black "Mickiewicz, Piotr"]
[WhiteFideId "4160258"]
[BlackFideId "1114891"]
[WhiteElo "2539"]
[BlackElo "2266"]
[Result "1-0"]
[Round "09"]
[TimeControl "180+1"]
[Date "2022.01.11"]
[WhiteClock "0:00:06"]
[BlackClock "0:00:05"]

1. e4 c5 2. Nf3 e6 3. g3 Nc6 4. Bg2 d6 5. O-O Nf6 6. Re1 Be7 7. c3 O-O 8. d4 cxd4 9. cxd4 d5 10. e5 Ne4 11. a3 a5 12. Nbd2 Nxd2 13. Bxd2 a4 14. h4 h6 15. Bc3 Bd7 16. Bf1 Na5 17. Bd3 Nb3 18. Rb1 Qb6 19. Qe2 Rfc8 20. Qe3 Bb5 21. Bc2 Rc7 22. Bxb3 axb3 23. Qd2 Qa6 24. Re3 Rac8 25. Rbe1 b6 26. Kg2 Rc6 27. g4 R8c7 28. Kg3 Qc8 29. Rc1 Rc4 30. Qe1 Be8 31. Nd2 b5 32. Nxc4 dxc4 33. Bb4 Bc6 34. Bxe7 Rxe7 35. Qb4 Rd7 36. Rd1 Qb7 37. a4 bxa4 38. Qxc4 Qa8 39. Rc3 Bd5 40. Qc8+ Rd8 41. Qxa8 Rxa8 42. Ra1 Kf8 43. Ra3 Ra7 44. Kf4 Ke7 45. Ke3 Kd7 46. h5 f6 47. f4 Ra8 48. Rc5 Bc6 49. Kd3 Rb8 50. Kc3 Rb7 51. Rxc6 Kxc6 52. Rxa4 Kd5 53. Kd3 Rb5 54. Ra7 fxe5 55. dxe5 Rb4 56. Ke3 Re4+ 57. Kf3 Rc4 58. Rb7 Rc2 59. Rxb3 Rh2 60. Rb7 Rh3+ 61. Kg2 Re3 62. Rxg7 Ke4 63. Rf7 Re2+ 64. Kg3 Rxb2 65. Rf6 Rb3+ 66. Kh4 Rf3 67. Rxe6 Rxf4 68. Rxh6 Kxe5 69. Rg6 Rf2 70. Kg5 Rf1 71. Rg8 Rg1 72. Re8+ Kd6 73. h6 Kd7 74. Rf8 Rh1 75. Kg6 Ke7 76. Rf7+ Ke8 77. g5 Rh2 78. Rf6 1-0


[Site "https://www.chess.com"]

[Event "Titled Tuesday Blitz January 11 2022"]
[White "Ezat, Mohamed"]
[Black "Panesar Vedant"]
[WhiteFideId "10600906"]
[BlackFideId "35033018"]
[WhiteElo "2386"]
[BlackElo "1971"]
[Result "1-0"]
[Round "09"]
[TimeControl "180+1"]
[Date "2022.01.11"]
[WhiteClock "0:00:08"]
[BlackClock "0:00:06"]

1. d4 Nf6 2. c4 g6 3. Nc3 d6 4. e4 Bg7 5. Be2 O-O 6. Bg5 c5 7. d5 h6 8. Bf4 Qa5 9. Qd2 b5 10. cxb5 a6 11. b6 Nbd7 12. Bxh6 Bxh6 13. Qxh6 Nxe4 14. Rc1 Ndf6 15. h4 Nxc3 16. bxc3 Bf5 17. h5 Qxa2 18. Nf3 Ng4 19. Qf4 Bd3 20. Nd2 Bxe2 21. Kxe2 Ne5 22. c4 Qb2 23. Rb1 Qc2 24. Rhc1 Qd3+ 25. Ke1 Qd4 26. Qxd4 cxd4 27. Ke2 Rab8 28. hxg6 fxg6 29. g3 d3+ 30. Ke3 Ng4+ 31. Kd4 Nxf2 32. Rf1 Ng4 33. Rxf8+ Kxf8 34. c5 dxc5+ 35. Kxc5 Nf6 36. Kc6 Ke8 37. Kc7 Rd8 38. b7 Nxd5+ 39. Kc6 Nc3 40. b8=Q Rxb8 41. Rxb8+ Kf7 42. Rb3 Ne2 43. Rxd3 a5 44. Rf3+ Kg7 45. Re3 Nd4+ 46. Kd7 Nf5 47. Rf3 e5 48. g4 Nd4 49. Rf1 a4 50. Nc4 a3 51. Nxa3 e4 52. Nc4 g5 53. Ne3 Kg6 54. Kd6 Nf3 55. Kd5 Kh6 56. Rh1+ Kg6 57. Kxe4 Nh4 58. Nf5 Ng2 59. Rh6+ Kf7 60. Rh5 Kf6 61. Rh6+ Kf7 62. Ra6 Nf4 63. Ng3 Ne6 64. Ke5 Nc5 65. Ra7+ Kg6 66. Ra5 Nd3+ 67. Kd4 Nf2 68. Ke3 Nxg4+ 69. Kf3 Nf6 70. Ne4 Nd7 71. Ra6+ Kf7 72. Nxg5+ Ke7 73. Ra7 Kd6 74. Ne4+ Kc6 75. Ra1 Ne5+ 76. Kf4 Nd3+ 77. Ke3 Ne5 78. Rh1 Kd5 79. Kf4 Nd3+ 80. Kf5 Kd4 81. Rh3 Nc1 82. Rh8 Nd3 83. Rd8+ Ke3 84. Ng5 Nf2 85. Re8+ Kd3 86. Kf4 Nd1 87. Kf3 Nc3 88. Ne4 Na4 89. Rd8+ Kc4 90. Ke3 Nb6 91. Rb8 Nd5+ 92. Kf3 Kd4 93. Rd8 Ke5 94. Re8+ Kd4 95. Re6 Nb4 96. Rd6+ Ke5 97. Rd2 Nd5 98. Ng5 Nf6 99. Re2+ Kf5 100. Nh3 Nd5 101. Ra2 Nc3 102. Ra5+ Ke6 103. Nf4+ Kd6 104. Ke3 Kc6 105. Nd3 Nb5 106. Ke4 Kb6 107. Ra1 Nc3+ 108. Ke5 Kb5 109. Kd4 Na4 110. Rc1 Nb6 111. Rc5+ Ka4 112. Nb2+ Kb4 113. Nc4 Na4 114. Rc7 Kb3 115. Rb7+ Kc2 116. Rb4 Nc3 117. Rb2+ Kc1 118. Kxc3 Kd1 119. Ne3+ Ke1 120. Ng4 Kf1 121. Kd3 Kg1 122. Ke3 Kh1 123. Kf3 Kg1 124. Rb1# 1-0


[Site "https://www.chess.com"]

[Event "Titled Tuesday Blitz January 11 2022"]
[White "Fridman, Daniel"]
[Black "Sargsyan, Anna M."]
[WhiteFideId "11600454"]
[BlackFideId "13308130"]
[WhiteElo "2514"]
[BlackElo "2271"]
[Result "0-1"]
[Round "09"]
[TimeControl "180+1"]
[Date "2022.01.11"]
[WhiteClock "0:00:11"]
[BlackClock "0:00:14"]

1. d4 d5 2. Nf3 Nf6 3. c4 c6 4. g3 Bf5 5. Nc3 e6 6. Nh4 Bg6 7. Qb3 Qb6 8. c5 Qc7 9. Bf4 Qc8 10. Bg2 Nbd7 11. Nxg6 hxg6 12. h4 e5 13. dxe5 Nxc5 14. Qc2 Nfd7 15. Rc1 Ne6 16. Nxd5 Qd8 17. Nc3 Nxf4 18. gxf4 Rxh4 19. e6 Rxh1+ 20. Bxh1 Nc5 21. exf7+ Kxf7 22. b4 Ne6 23. f5 gxf5 24. Qxf5+ Qf6 25. Qh5+ g6 26. Qg4 Re8 27. Kf1 Nf4 28. Ne4 Qf5 29. Ng5+ Kg7 30. Qxf5 gxf5 31. b5 cxb5 32. e3 Nd3 33. Rd1 Nc5 34. Rd5 f4 35. exf4 b6 36. Rf5 Kg6 37. Rf7 Bh6 38. Rxa7 Rf8 39. Bc6 Rxf4 40. Nh3 Rb4 41. Be8+ Kf6 42. Rf7+ Ke6 43. Rh7 Bf8 44. Kg2 Ne4 45. Bg6 Nf6 46. Rb7 Bc5 47. Ng5+ Kd5 48. Bf7+ Kc6 49. Ra7 Rb2 50. Nh3 Ng4 51. Be8+ Kd6 52. Rd7+ Ke6 53. Rf7 Ne3+ 54. Kf3 Nf5 55. Ng5+ Ke5 56. Kg4 Nd6 57. Kh5 Nxf7 58. Nxf7+ Kf6 59. Ng5 Rxf2 60. Ne4+ Ke7 61. Nxf2 Kxe8 62. Ne4 Kd7 63. Kg4 Ke6 64. Kf3 Kd5 65. Nf6+ Kc4 66. Ke4 Kb4 67. Nd7 Ka3 68. Kd3 Kxa2 69. Ne5 Ka3 70. Nc6 b4 71. Kc2 Ka2 72. Ne5 b3+ 73. Kc3 b2 0-1


[Site "https://www.chess.com"]

[Event "Titled Tuesday Blitz January 11 2022"]
[White "Gabdushev, Ruslan"]
[Black "Murzin, Volodar"]
[WhiteFideId "4137833"]
[BlackFideId "44155573"]
[WhiteElo "2312"]
[BlackElo "2585"]
[Result "0-1"]
[Round "09"]
[TimeControl "180+1"]
[Date "2022.01.11"]
[WhiteClock "0:00:02"]
[BlackClock "0:00:02"]

1. b3 e5 2. Bb2 Nc6 3. e3 g6 4. Bb5 Bg7 5. f4 Nge7 6. Nf3 d6 7. fxe5 O-O 8. O-O dxe5 9. Nc3 a6 10. Bxc6 Nxc6 11. Ba3 Re8 12. e4 Nd4 13. Ne2 Nxf3+ 14. Rxf3 Bh6 15. Rd3 Qh4 16. Nc3 c6 17. Bc5 Bg4 18. Qf1 Rad8 19. Bf2 Qe7 20. h3 Rxd3 21. Qxd3 Rd8 22. Qg3 Bc8 23. d3 Bg7 24. Bb6 Re8 25. Na4 Qb4 26. Bc5 Qd2 27. Qf2 Qg5 28. Rf1 Be6 29. Be3 Qd8 30. Nc5 Qc7 31. a4 a5 32. Nxe6 Rxe6 33. Bb6 Qd7 34. Bxa5 b5 35. axb5 cxb5 36. Bd2 Rc6 37. Be3 Bf8 38. Qe2 Qc7 39. c4 bxc4 40. bxc4 Qd7 41. Rd1 Rd6 42. Bc5 Rc6 43. Bxf8 Kxf8 44. Rf1 Rd6 45. Rf3 Rd4 46. Qf1 Kg7 47. Qe2 Qa7 48. Kh2 h5 49. Qf2 Qe7 50. Qg3 Qe6 51. Qg5 Qd6 52. c5 Qe6 53. c6 f6 54. Qc1 Rd6 55. c7 Rc6 56. Qa3 Rxc7 0-1


[Site "https://www.chess.com"]

[Event "Titled Tuesday Blitz January 11 2022"]
[White "Gabrielian, Artur"]
[Black "Tasev, Dejan"]
[WhiteFideId "4131002"]
[BlackFideId "936618"]
[WhiteElo "2440"]
[BlackElo "2253"]
[Result "0-1"]
[Round "09"]
[TimeControl "180+1"]
[Date "2022.01.11"]
[WhiteClock "0:00:47"]
[BlackClock "0:00:42"]

1. e4 c6 2. d4 d5 3. e5 Bf5 4. h4 h6 5. g4 Be4 6. f3 Bg6 7. h5 Bh7 8. e6 Qd6 9. exf7+ Kxf7 10. f4 Qe6+ 11. Be2 Qe4 12. Nf3 Qxc2 13. Ne5+ Ke8 14. f5 Qxd1+ 15. Bxd1 Nf6 16. Nc3 Nbd7 17. Bf4 e6 18. fxe6 Nxe5 19. Bxe5 Ke7 20. Ne2 Kxe6 21. Nf4+ Kd7 22. Ba4 Bb4+ 23. Ke2 Rae8 24. Rhg1 Bd6 25. Kf3 Bxe5 26. dxe5 Rxe5 27. Rae1 Rhe8 28. Rxe5 Rxe5 29. Bd1 Ne4 30. Be2 Ng5+ 31. Kf2 Re4 32. Kg3 Rxf4 0-1


[Site "https://www.chess.com"]

[Event "Titled Tuesday Blitz January 11 2022"]
[White "Girya, Olga"]
[Black "Yeletsky, Ivan"]
[WhiteFideId "4195752"]
[BlackFideId "24180327"]
[WhiteElo "2275"]
[BlackElo "2348"]
[Result "0-1"]
[Round "09"]
[TimeControl "180+1"]
[Date "2022.01.11"]
[WhiteClock "0:00:05"]
[BlackClock "0:00:50"]

1. d4 Nf6 2. c4 e6 3. Nf3 Bb4+ 4. Bd2 Qe7 5. g3 Nc6 6. Nc3 d5 7. cxd5 exd5 8. Bg2 O-O 9. O-O Bg4 10. a3 Bxc3 11. Bxc3 Ne4 12. Rc1 Rfe8 13. Re1 Bh5 14. b4 Nd8 15. Bb2 c6 16. Ne5 Ne6 17. f3 Nd6 18. e3 f6 19. Nd3 Nc4 20. Qc2 Ng5 21. g4 Bg6 22. Qc3 Bxd3 23. Ba1 Bg6 24. e4 Qd7 25. e5 fxe5 26. dxe5 Ne6 27. Rcd1 Qf7 28. h4 h5 29. gxh5 Bxh5 30. Rf1 Nf4 31. Rf2 Re6 32. Qd4 Rg6 33. Kh1 Nxg2 0-1


[Site "https://www.chess.com"]

[Event "Titled Tuesday Blitz January 11 2022"]
[White "Hakobyan, Aram"]
[Black "Guseinov, Gadir"]
[WhiteFideId "13306677"]
[BlackFideId "13401378"]
[WhiteElo "2557"]
[BlackElo "2581"]
[Result "1-0"]
[Round "09"]
[TimeControl "180+1"]
[Date "2022.01.11"]
[WhiteClock "0:01:42"]
[BlackClock "0:01:34"]

1. b3 d6 2. Bb2 e5 3. c4 g6 4. g3 Bg7 5. Bg2 f5 6. Nc3 Nf6 7. d3 O-O 8. Nf3 Nc6 9. O-O Kh8 10. Nd2 Be6 11. Nd5 Rb8 12. Rc1 Bxd5 13. cxd5 Nb4 14. Nc4 Nbxd5 15. e4 fxe4 16. dxe4 Nb4 17. Qd2 Nc6 18. f4 exf4 19. gxf4 Qe7 20. Rce1 Rbe8 21. e5 dxe5 22. Ba3 Qd8 23. Qxd8 Rxd8 24. Bxf8 Bxf8 25. Bxc6 bxc6 26. fxe5 Bc5+ 27. Kg2 Rd2+ 28. Nxd2 1-0


[Site "https://www.chess.com"]

[Event "Titled Tuesday Blitz January 11 2022"]
[White "Hess, Robert"]
[Black "Goncalves, Ivan Mesquita V"]
[WhiteFideId "2022036"]
[BlackFideId "2114224"]
[WhiteElo "2557"]
[BlackElo "2299"]
[Result "1-0"]
[Round "09"]
[TimeControl "180+1"]
[Date "2022.01.11"]
[WhiteClock "0:02:29"]
[BlackClock "0:01:50"]

1. b3 c5 2. Bb2 b6 3. d3 Bb7 4. Nd2 Nf6 5. e3 e6 6. Ne2 Be7 7. h3 O-O 8. a3 d5 9. g4 Nc6 10. Bg2 e5 11. Ng3 d4 12. Nf5 Qd7 13. Nc4 b5 14. Bxc6 Bxc6 15. Nxe5 Qb7 16. Nxc6 Bd8 17. Qf3 Kh8 18. Ncxd4 1-0


[Site "https://www.chess.com"]

[Event "Titled Tuesday Blitz January 11 2022"]
[White "Jobava, Baadur"]
[Black "Azadaliyev, Jahandar"]
[WhiteFideId "13601520"]
[BlackFideId "13425811"]
[WhiteElo "2617"]
[BlackElo "1795"]
[Result "1-0"]
[Round "09"]
[TimeControl "180+1"]
[Date "2022.01.11"]
[WhiteClock "0:01:43"]
[BlackClock "0:00:27"]

1. e4 c6 2. c4 d5 3. cxd5 cxd5 4. exd5 Nf6 5. Qa4+ Nbd7 6. Nc3 g6 7. Nf3 Bg7 8. Bc4 O-O 9. d3 a6 10. Qa3 Rb8 11. Bf4 b5 12. Bxb8 bxc4 13. Bf4 cxd3 14. Rd1 Nh5 15. Bg5 f6 16. Be3 Ne5 17. Nxe5 fxe5 18. Rxd3 Bf5 19. Rd2 Nf4 20. O-O Qd7 21. Bxf4 exf4 22. Re1 Rf7 23. f3 g5 24. Qxa6 g4 25. Kh1 Bf6 26. Ne4 Bxe4 27. Rxe4 gxf3 28. Qe6 Qb5 29. Qg4+ Rg7 30. Qxf3 Qc5 31. Rd1 Qc2 32. Rxf4 Kf7 33. d6 Rxg2 34. Qb3+ Qxb3 35. axb3 Rg8 36. dxe7 Kxe7 37. Re1+ Kf7 38. Ref1 Rg6 39. b4 1-0


[Site "https://www.chess.com"]

[Event "Titled Tuesday Blitz January 11 2022"]
[White "Kobalia, Mikhail"]
[Black "Moskalenko, Alexander"]
[WhiteFideId "4119150"]
[BlackFideId "4155351"]
[WhiteElo "2667"]
[BlackElo "2515"]
[Result "0-1"]
[Round "09"]
[TimeControl "180+1"]
[Date "2022.01.11"]
[WhiteClock "0:02:03"]
[BlackClock "0:00:34"]

1. e4 c6 2. d4 d5 3. exd5 cxd5 4. Bd3 Nc6 5. c3 Nf6 6. Bf4 g6 7. Nf3 Bf5 8. Bxf5 gxf5 9. Nbd2 e6 10. Qb3 Qb6 11. Qxb6 axb6 12. a3 Ne4 13. Nb3 Bd6 14. Bxd6 Nxd6 15. Nc1 f6 16. Nd3 Kd7 17. O-O h5 18. g3 Ne4 19. Rfe1 Rag8 20. Nh4 Rh7 21. Re2 Re7 22. Rae1 Ng5 23. Nf4 b5 24. Nxh5 Rf7 25. Rxe6 Nxe6 26. Nxf5 Rg5 27. Nh6 Rxh5 28. Nxf7 Ke7 0-1


[Site "https://www.chess.com"]

[Event "Titled Tuesday Blitz January 11 2022"]
[White "Kravtsiv, Martyn"]
[Black "Kevlishvili, Robby"]
[WhiteFideId "14113147"]
[BlackFideId "1040634"]
[WhiteElo "2694"]
[BlackElo "2584"]
[Result "1-0"]
[Round "09"]
[TimeControl "180+1"]
[Date "2022.01.11"]
[WhiteClock "0:01:47"]
[BlackClock "0:01:39"]

1. e4 c5 2. Nf3 d6 3. Bb5+ Nd7 4. d4 cxd4 5. Qxd4 a6 6. Bxd7+ Bxd7 7. O-O Nf6 8. Bg5 e6 9. Nbd2 Bc6 10. Nc4 b5 11. Nb6 Rb8 12. Nd5 Be7 13. Nxe7 Qxe7 14. e5 dxe5 15. Nxe5 Qb7 16. Bxf6 gxf6 17. Ng4 Bxg2 18. Qd6 1-0


[Site "https://www.chess.com"]

[Event "Titled Tuesday Blitz January 11 2022"]
[White "Leitao, Rafael"]
[Black "Aloma Vidal, Robert"]
[WhiteFideId "2101246"]
[BlackFideId "2260409"]
[WhiteElo "2609"]
[BlackElo "2435"]
[Result "1/2-1/2"]
[Round "09"]
[TimeControl "180+1"]
[Date "2022.01.11"]
[WhiteClock "0:00:09"]
[BlackClock "0:00:17"]

1. c4 c6 2. e4 d5 3. exd5 cxd5 4. d4 Nf6 5. Nc3 g6 6. Bg5 Ne4 7. cxd5 Nxg5 8. h4 Ne4 9. Nxe4 Qxd5 10. Nc3 Qa5 11. h5 Bg7 12. Bc4 Nc6 13. Ne2 Bf5 14. hxg6 hxg6 15. Rxh8+ Bxh8 16. Qb3 O-O-O 17. Bxf7 Nxd4 18. Nxd4 Bxd4 19. O-O-O Qe5 20. Bd5 Bb6 21. Bxb7+ Kc7 22. Rxd8 Kxd8 23. Qd5+ Qxd5 24. Bxd5 Bxf2 25. Kd2 Bd4 26. b3 a5 27. Bf3 Be5 28. Ne4 Bf4+ 29. Kc3 Kc7 30. Kc4 Kb6 31. Nc3 Be6+ 32. Bd5 Bc8 33. Bf7 Bd2 34. Nd5+ Ka7 35. Nxe7 Ba6+ 36. Kd5 g5 37. Bg6 Bb7+ 38. Nc6+ Kb6 39. Be8 Bxc6+ 40. Bxc6 Bc1 41. g4 Bd2 42. Bd7 Bf4 43. Bf5 Bc1 44. Bd3 Bf4 45. a3 Bc1 46. a4 Bf4 47. Kc4 Bd2 48. Be4 Be3 49. Bd3 Bd2 50. Be4 Be3 51. Bd3 Bd2 1/2-1/2


[Site "https://www.chess.com"]